 Dungeon Crawl Stone Soup version 0.29.0-10-g45618ea6d2 (webtiles) character file.

Game seed: 15362082946302956945

144328 Flugkiller the Warrior (level 16, 0/160 HPs)
             Began as a Minotaur Fighter on Sept 1, 2022.
             Was a High Priest of Okawaru.
             Slain by a nagaraja
             ... wielding a +0 spear
              (1 damage)
             ... on level 3 of the Snake Pit.
             The game lasted 00:14:00 (21982 turns).

Flugkiller the Warrior (Minotaur Fighter)          Turns: 21982, Time: 00:14:01

Health: 0/160      AC: 28    Str: 22    XL:     16   Next: 84%
Magic:  30/32      EV: 16    Int: 11    God:    Okawaru [*****.]
Gold:   2762       SH: 19    Dex: 20    Spells: 15/15 levels left

rFire   + + +      SeeInvis .   H - +3 broad axe (drain)
rCold   . . .      Faith    .   f - +5 kite shield of Responsibility {+Inv rF+ Int+2}
rNeg    . . .      Spirit   .   J - +1 plate armour {rF+}
rPois   .          Reflect  .   (helmet restricted)
rElec   +          Harm     .   D - +1 cloak
rCorr   .          Rampage  .   y - +2 pair of gloves of Huliwam {rF+ Int+4}
Will    +++..                   L - +2 pair of boots "Itoigoisch" {rElec}
Stlth   ..........              T - amulet of Wipam {Will+ Regen+ MP+9 Dex+3}
HPRegen 1.16/turn               m - ring of willpower
MPRegen 0.23/turn               v - +4 ring of evasion

@: lethally poisoned (0 -> -11), finesse-ful
A: horns 2, retaliatory headbutt
a: Renounce Religion, Evoke Invisibility, Heroism, Finesse, Duel


You were on level 3 of the Snake Pit.
You worshipped Okawaru.
Okawaru was extremely pleased with you.
You visited 5 branches of the dungeon, and saw 26 of its levels.
You also visited: Bailey, Gauntlet and Volcano.

You collected 3223 gold pieces.
You spent 461 gold pieces at shops.

Inventory:

Hand Weapons
 H - a +3 broad axe of draining (weapon)
   (Okawaru gifted it to you on level 11 of the Dungeon)
Missiles
 e - 7 silver boomerangs
 r - a boomerang
 G - 2 throwing nets (quivered)
Armour
 f - the +5 kite shield of Responsibility (worn) {+Inv rF+ Int+2}
   (Okawaru gifted it to you in a bailey)

   Int:       It affects your intelligence (+2).
   rF:        It protects you from fire.
   +Inv:      It lets you turn invisible.
 y - the +2 pair of gloves of Huliwam (worn) {rF+ Int+4}
   (You found it on level 5 of the Dungeon)

   Int:       It affects your intelligence (+4).
   rF:        It protects you from fire.
 A - a +1 tower shield of protection
   (Okawaru gifted it to you on level 2 of the Lair of Beasts)
 D - a +1 cloak (worn)
   (You took it off Crazy Yiuf on level 7 of the Dungeon)
 J - a +1 plate armour of fire resistance (worn)
   (You found it in a volcano)
 L - the +2 pair of boots "Itoigoisch" (worn) {rElec}
   (You found it in a volcano)

   rElec:     It insulates you from electricity.
 P - the +3 hat of Focus {rPois rF+ rC- Str+3}
   (Okawaru gifted it to you on level 4 of the Lair of Beasts)

   Str:       It affects your strength (+3).
   rF:        It protects you from fire.
   rC:        It makes you vulnerable to cold.
   rPois:     It protects you from poison.
Jewellery
 i - a ring of see invisible
   (You found it on level 12 of the Dungeon)
 m - a ring of willpower (left hand)
   (You found it on level 4 of the Dungeon)
 v - a +4 ring of evasion (right hand)
   (You found it on level 9 of the Dungeon)
 B - an amulet of guardian spirit
   (You took it off a minotaur in a Gauntlet)
 I - a ring of flight
   (You found it in a volcano)
 Q - a +4 ring of evasion
   (You took it off a deep elf pyromancer on level 13 of the Dungeon)
 T - the amulet of Wipam (around neck) {Will+ Regen+ MP+9 Dex+3}
   (You found it in a Gauntlet)

   [amulet of regeneration]

   Dex:       It affects your dexterity (+3).
   MP:        It affects your magic capacity (+9).
   Regen:     It increases your rate of health regeneration.
   Will:      It increases your willpower.
Wands
 a - a wand of acid (22)
   (You found it on level 11 of the Dungeon)
 N - a wand of mindburst (25)
   (You found it on level 6 of the Dungeon)
 O - a wand of roots (11)
   (You found it on level 4 of the Lair of Beasts)
Scrolls
 g - 3 scrolls of silence
 l - 2 scrolls of magic mapping
 o - 3 scrolls of vulnerability
 t - 13 scrolls of teleportation
 u - a scroll of fear
 x - 6 scrolls of immolation
 z - 4 scrolls of blinking
 M - 4 scrolls of enchant armour
 S - 3 scrolls of fog
Potions
 b - 2 potions of ambrosia
 c - 3 potions of flight
 d - 4 potions of might
 h - 3 potions of haste
 j - 2 potions of lignification
 n - a potion of resistance
 p - 3 potions of magic
 q - 16 potions of curing
 s - 4 potions of cancellation
 w - 9 potions of heal wounds
 E - 2 potions of mutation
 K - 7 potions of berserk rage
 R - a potion of invisibility
Miscellaneous
 k - a piece from Xom's chessboard (15/15)
   (You found it on level 3 of the Lair of Beasts)
 C - a tin of tremorstones (2/2)
   (You found it on level 11 of the Dungeon)
 F - a condenser vane
   (You found it on level 12 of the Dungeon)


   Skills:
 + Level 19.0 Fighting
 - Level 18.6 Axes
 + Level 16.2 Armour
 + Level 10.6 Dodging
 + Level 14.2 Shields
 - Level 11.0 Invocations
 - Level 6.0 Evocations


You had 15 spell levels left.
You didn't know any spells.
Your spell library was empty.

Dungeon Overview and Level Annotations

Branches:
Dungeon (15/15)            Temple (1/1) D:4            Lair (5/5) D:10
 Shoals (0/4) Lair:2        Snake (3/4) Lair:2        Slime (0/5) Lair:4
    Orc (2/2) D:12            Elf (0/3) Orc:2        Vaults (0/5) D:13
 Depths (0/4) D:15         Bailey (visited)         Volcano (visited)
Gauntlet (visited)

Altars:
Ashenzari
Cheibriados
Dithmenos
Elyvilon
Fedhas
Gozag
Hepliaklqana
Kikubaaqudgha
Makhleb
Nemelex Xobeh
Okawaru
Qazlal
Ru
Sif Muna
Trog
Uskayaw
Vehumet
Wu Jian
Xom
Yredelemnul
Zin
The Shining One
Jiyva

Shops:
D:1 =   D:4 *   D:9 (   Orc:2 :(:(*

Annotations:
D:8 3 runed translucent doors, sanka's ghost, novice TrCA
D:10 2 transporters, sentinel's ghost, novice MeVM
Lair:1 3 runed translucent doors, night's ghost, journeyman GnEE


Innate Abilities, Weirdness & Mutations

You have a pair of horns on your head.
You reflexively headbutt those who attack you in melee.


Message History

You slash the naga sharpshooter! You drain the naga sharpshooter.
Your headbutt misses the naga sharpshooter.
The naga sharpshooter is almost dead.
You feel sick.
The naga sharpshooter shoots an arrow.
You block the arrow.
The nagaraja gestures at you while chanting.
The bolt of poison hits you!
You are more poisoned.
You slice the naga sharpshooter!!
You kill the naga sharpshooter!
Okawaru accepts your kill.
You feel sick. You block the naga mage's attack.
You feel much better.
You feel very sick. The nagaraja barely misses you.
You block the naga mage's attack. The nagaraja spits poison at you.
The splash of poison hits you but does no damage.
You are more poisoned.
You feel extremely sick. You block the naga mage's attack. x2
The naga mage hits you but does no damage.
The naga mage misses you.
Items here: )) ? [.
You hit the naga mage. You drain the naga mage.
Your headbutt misses the naga mage.
The naga mage is lightly wounded.
You feel sick.
You completely miss the naga mage.
The naga mage is lightly wounded.
You feel sick.
The naga mage points at you and mumbles some strange words.
The bolt of poison hits you!
You are more poisoned.
You block the nagaraja's attack.
You are too injured to fight recklessly!
You are too injured to fight recklessly!
You are too injured to fight recklessly!
You slice the naga mage!!
The naga mage is severely wounded.
You feel very sick.
You feel better. You block the naga mage's attack. x2
You block the nagaraja's attack. The naga mage spits poison at you.
You block the splash of poison. The nagaraja closely misses you.
You slash the naga mage!
You headbutt the naga mage, but do no damage.
The naga mage is severely wounded.
You closely miss the naga mage. You headbutt the naga mage.
The naga mage is almost dead.
You block the naga mage's attack. The naga mage grabs you.
The naga mage constricts you. The nagaraja spits poison at you.
You block the splash of poison.
You closely miss the naga mage.
The naga mage is almost dead.
The naga mage gestures at the naga sharpshooter while chanting.
The naga mage constricts you. You block the nagaraja's attack.
You carve the naga mage like a ham!!!
You kill the naga mage!
Okawaru accepts your kill.
The naga sharpshooter shoots an arrow.
You block the arrow.
You hit the naga sharpshooter but do no damage.
Your headbutt misses the naga sharpshooter.
The nagaraja barely misses you.
You slash the naga sharpshooter!
The naga sharpshooter is lightly wounded.
You barely miss the naga sharpshooter.
The naga sharpshooter is lightly wounded.
The nagaraja gestures at you while chanting.
You resist with almost no effort.
You slash the naga sharpshooter! You drain the naga sharpshooter.
The naga sharpshooter is heavily wounded.
The naga sharpshooter shoots a bolt.
You block the bolt.
You hit the naga sharpshooter. You headbutt the naga sharpshooter!
The naga sharpshooter is severely wounded.
You feel like a meek peon again. You block the nagaraja's attack.
The nagaraja gestures at you while chanting.
The poison arrow hits you!!
You are poisoned.
* * * LOW HITPOINT WARNING * * *
The naga sharpshooter gestures wildly while chanting.
The naga sharpshooter magically shoots an arrow.
You block the arrow.
The naga sharpshooter shoots a bolt.
The bolt hits you!
* * * LOW HITPOINT WARNING * * *
The nagaraja spits poison at you. The splash of poison hits you!
You are more poisoned.
* * * LOW HITPOINT WARNING * * *
Things that are here:
a +0 shortbow; a +0 long sword; a black mamba corpse You closely miss the nagaraja.
* * * LOW HITPOINT WARNING * * *
You feel very sick.
The naga sharpshooter mumbles some strange words.
The naga sharpshooter magically shoots an arrow.
You block the arrow.
You barely miss the nagaraja. Your headbutt misses the nagaraja.
* * * LOW HITPOINT WARNING * * *
You feel sick. The nagaraja hits you with a +0 spear.
You die...

...# #.....#.#+#+# ...#.#
#.#...#....... #.#...#
#...#.#........ #.....
.....#.........
#.....#.....#.........
#.....#.....#......... .
#..N#.#...#........). #..
#)#.†.#.#...........
.....#N@N..#............
.....>.................##
.........###.......<....#
#......### ##.....###...#
#....## #...#.# ###..
#...# #.##### ##. ####
### ##


You could see a nagaraja (fast, catching breath) and 2 naga sharpshooters.

Vanquished Creatures
  Jorgrun (Orc:2)
  A nagaraja (Snake:3)
  The ghost of sausages the Eclecticist, a journeyman DEEE of Vehumet (Lair:5)
  5 dire elephants (Lair:5)
  Azrael (Orc:1)
  A minotaur (Gauntlet)
  Snorg (D:14)
  2 fire dragons
  11 hydras
  An ice dragon (D:15)
  A vault guard (D:13)
  3 ogre magi
  A boulder beetle (D:14)
  7 centaur warriors
  2 anacondas (Snake:2)
  23 two-headed ogres
  A naga warrior (Snake:3)
  9 death yaks
  2 naga sharpshooters (Snake:3)
  Urug (D:12)
  3 shock serpents
  3 large abominations (Gauntlet)
  Sonja (Orc:2)
  Amaemon (Lair:3)
  A spectral death yak (Lair:5)
  A spectral anaconda (Lair:5)
  9 skeletal warriors
  A wizard (D:15)
  An obsidian statue (Lair:5)
  2 deep trolls (Orc:2)
  A lindwurm (Lair:3)
  5 deep elf pyromancers
  4 orc knights
  An oklob plant (Gauntlet)
  2 orc sorcerers
  4 necromancers (Lair:5)
  17 ugly things
  11 cyclopes
  5 manticores
  18 elephants
  11 black mambas
  A torpor snail (Lair:4)
  8 cane toads
  3 naga magi
  An orange demon (Lair:3)
  3 rime drakes
  A minotaur zombie (Gauntlet)
  3 gargoyles
  3 yaktaurs (D:15)
  2 kobold demonologists
  Psyche (D:9)
  11 komodo dragons
  2 unseen horrors
  A freezing wraith (D:15)
  2 efreet
  A polar bear (Lair:3)
  A merfolk (D:11)
  17 trolls
  3 meliai (D:14)
  A hornet (shapeshifter) (D:14)
  Prince Ribbit (D:6)
  26 blink frogs
  7 slime creatures
  A snapping turtle (Lair:2)
  A spectral elephant (Lair:5)
  4 dream sheep (Lair:3)
  15 flying skulls (Gauntlet)
  6 shadows
  5 wyverns
  6 fire elementals
  8 basilisks
  74 yaks
  11 humans (D:13)
  3 wraiths
  11 vampire mosquitoes
  2 death yak simulacra (Lair:5)
  A steam dragon (D:6)
  Menkaure (D:7)
  8 nagas
  4 wargs (D:15)
  2 spectral cane toads (Lair:5)
  3 acid dragons
  4 hell hounds
  15 water moccasins
  16 orc warriors
  Pargi (D:3)
  An ice beast (D:5)
  A sky beast (D:6)
  A black bear (D:7)
  6 centaurs
  25 ogres
  6 wolves
  3 scorpions
  4 small abominations (Gauntlet)
  10 bullfrogs
  2 cane toad simulacra (Lair:5)
  9 killer bees
  A troll skeleton (D:9)
  5 electric eels
  2 howler monkeys
  5 spriggan skeletons (D:9)
  18 jellies
  A gnoll bouda (D:7)
  8 orc priests
  7 hounds
  Crazy Yiuf (D:7)
  Jessica (D:2)
  5 iguanas
  Natasha (thrice) (D:2)
  22 orc wizards
  12 hell rats
  Robin (D:2)
  3 gnolls (D:2)
  7 adders
  3 shadow imps
  2 white imps
  An ufetubus (D:4)
  3 worms
  6 dart slugs
  67 orcs
  5 ball pythons
  4 endoplasms
  2 giant cockroaches
  15 goblins
  8 hobgoblins
  8 jackals
  4 quokkas
  3 bats (D:1)
  2 frilled lizards
  2 kobolds
  3 rats
786 creatures vanquished.

Vanquished Creatures (others)
  An orc wizard (Orc:2)
  19 fungi
  22 plants
  22 withered plants (Lair:5)
64 creatures vanquished.

Grand Total: 850 creatures vanquished

Notes
Turn   | Place    | Note
-------+----------+-------------------------------------------
     0 | D:1      | Flugkiller the Minotaur Fighter began the quest for the
                  | Orb.
     0 | D:1      | Reached XP level 1. HP: 19/19 MP: 0/0
   234 | D:1      | Reached XP level 2. HP: 27/27 MP: 1/1
   300 | D:1      | Found Vagez's Jewellery Boutique.
   442 | D:1      | Reached skill level 4 in Fighting
   779 | D:1      | Reached XP level 3. HP: 24/33 MP: 2/2
  1160 | D:2      | Noticed Jessica
  1165 | D:2      | Killed Jessica
  1166 | D:2      | Reached XP level 4. HP: 35/40 MP: 3/3
  1415 | D:2      | Noticed Natasha
  1428 | D:2      | Killed Natasha
  1580 | D:2      | Identified the +0 pair of boots "Mattimibb" {Dex+3}
  1610 | D:2      | Noticed Natasha
  1617 | D:2      | Killed Natasha
  1618 | D:2      | Reached XP level 5. HP: 42/47 MP: 4/4
  1648 | D:2      | Noticed Natasha
  1653 | D:2      | Killed Natasha
  1654 | D:2      | Reached skill level 5 in Axes
  1768 | D:2      | Noticed Robin
  1776 | D:2      | Killed Robin
  2189 | D:3      | Reached skill level 5 in Fighting
  2239 | D:3      | Reached skill level 5 in Armour
  2467 | D:3      | Noticed Pargi
  2470 | D:3      | Reached XP level 6. HP: 45/56 MP: 5/5
  2476 | D:3      | Killed Pargi
  3288 | D:4      | Found a staircase to the Ecumenical Temple.
  3405 | D:4      | Found Dopseff's Neck Hole.
  3651 | D:4      | Reached XP level 7. HP: 62/62 MP: 6/6
  3744 | D:5      | Entered Level 5 of the Dungeon
  3836 | D:5      | Identified the +2 pair of gloves of Huliwam {rF+ Int+4}
  3961 | D:5      | Reached skill level 6 in Fighting
  4083 | Temple   | Entered the Ecumenical Temple
  4276 | Temple   | Became a worshipper of Warmaster Okawaru
  4792 | D:6      | Reached skill level 1 in Dodging
  4828 | D:6      | Reached skill level 1 in Invocations
  4879 | D:6      | Noticed a steam dragon
  4885 | D:6      | Noticed a shadow
  4890 | D:6      | Killed a steam dragon
  4890 | D:6      | Reached * piety under Okawaru
  4891 | D:6      | Reached XP level 8. HP: 56/71 MP: 6/8
  5035 | D:6      | Noticed Prince Ribbit
  5056 | D:6      | Killed Prince Ribbit
  5057 | D:6      | Reached skill level 7 in Fighting
  5376 | D:6      | Reached ** piety under Okawaru
  5394 | D:6      | Reached XP level 9. HP: 34/79 MP: 10/10
  5399 | D:6      | Reached *** piety under Okawaru
  5980 | D:6      | Reached skill level 10 in Axes
  6243 | D:4      | Bought an amulet of regeneration for 300 gold pieces
  6364 | D:7      | Noticed Menkaure
  6369 | D:7      | Killed Menkaure
  6370 | D:7      | Reached skill level 8 in Fighting
  6494 | D:7      | Noticed a gargoyle
  6504 | D:7      | Killed a gargoyle
  6504 | D:7      | Reached **** piety under Okawaru
  6548 | D:7      | Noticed a two-headed ogre
  6552 | D:7      | Noticed a cyclops
  6554 | D:7      | Found a shimmering blue altar of Sif Muna.
  6559 | D:7      | Killed a two-headed ogre
  6560 | D:7      | Reached skill level 5 in Dodging
  6560 | D:7      | Reached XP level 10. HP: 58/90 MP: 10/12
  6570 | D:7      | Killed a cyclops
  6679 | D:7      | Found a runed translucent door.
  6680 | D:7      | Noticed Crazy Yiuf
  6957 | D:7      | Killed Crazy Yiuf
  7028 | D:8      | Noticed a two-headed ogre
  7034 | D:8      | Killed a two-headed ogre
  7034 | D:8      | Reached ***** piety under Okawaru
  7035 | D:8      | Reached skill level 9 in Fighting
  7035 | D:8      | Reached skill level 5 in Invocations
  7136 | D:8      | Found a glowing silver altar of Zin.
  7255 | D:8      | Found a runed translucent gate.
  7256 | D:8      | Found a runed translucent gate.
  7256 | D:8      | Found a runed translucent gate.
  7257 | D:8      | Noticed an 11-headed hydra
  7257 | D:8      | Noticed sanka's ghost (novice TrCA)
  7258 | D:8      | Noticed a nine-headed hydra
  7556 | D:9      | Noticed a sixfirhy
  7674 | D:9      | Found a flagged portal.
  7687 | Bailey   | Entered a bailey
  7772 | Bailey   | Found a large runed translucent door.
  7772 | Bailey   | Found a large runed translucent door.
  7773 | Bailey   | Noticed a deep elf pyromancer
  7788 | Bailey   | Noticed an orc knight
  7807 | Bailey   | Killed an orc knight
  7807 | Bailey   | Identified the +5 kite shield of Responsibility {+Inv rF+
                  | Int+2} (Okawaru gifted it to you in a bailey)
  7807 | Bailey   | Received a gift from Okawaru
  7808 | Bailey   | Reached skill level 10 in Fighting
  7863 | Bailey   | Killed a deep elf pyromancer
  7915 | Bailey   | Identified the +8 double sword of Melee {freeze, *Slow rC++
                  | Str+3}
  8171 | D:9      | Reached XP level 11. HP: 101/101 MP: 14/14
  8384 | D:9      | Noticed Psyche
  8391 | D:9      | Killed Psyche
  8685 | D:9      | Found Ziaf's Antique Weapon Shop.
  8706 | D:9      | Found a sacrificial altar of Ru.
  8710 | D:9      | Found a broken altar of Ashenzari.
  8710 | D:9      | Found a stormy altar of Qazlal.
  8711 | D:9      | Found a sparkling altar of Nemelex Xobeh.
  8713 | D:9      | Found a snail-covered altar of Cheibriados.
  8714 | D:9      | Found a white marble altar of Elyvilon.
  8715 | D:9      | Found a basalt altar of Yredelemnul.
  8765 | D:10     | Entered Level 10 of the Dungeon
  8814 | D:10     | Noticed a tengu warrior
  8960 | D:10     | Reached skill level 11 in Fighting
  8966 | D:10     | Reached skill level 10 in Armour
  9050 | D:10     | Reached skill level 5 in Shields
  9086 | D:10     | Found a transporter.
  9095 | D:10     | Found a transporter.
  9096 | D:10     | Found a bloodstained altar of Trog.
  9097 | D:10     | Noticed sentinel's ghost (novice MeVM)
  9191 | D:10     | Found a staircase to the Lair.
  9193 | D:10     | Noticed a two-headed ogre
  9202 | D:10     | Killed a two-headed ogre
  9583 | D:11     | Noticed a two-headed ogre
  9591 | D:11     | Killed a two-headed ogre
  9637 | D:11     | Noticed an eight-headed hydra
  9648 | D:11     | Killed a 12-headed hydra
  9649 | D:11     | Reached skill level 12 in Fighting
  9712 | D:11     | Noticed a two-headed ogre
  9720 | D:11     | Killed a two-headed ogre
  9797 | D:11     | Reached skill level 1 in Evocations
  9863 | D:11     | Noticed a two-headed ogre
  9867 | D:11     | Killed a two-headed ogre
  9867 | D:11     | Received a gift from Okawaru
  9868 | D:11     | Reached XP level 12. HP: 112/112 MP: 13/16
 10365 | D:12     | Noticed a two-headed ogre
 10371 | D:12     | Killed a two-headed ogre
 10415 | Lair:1   | Entered Level 1 of the Lair of Beasts
 10615 | Lair:1   | Received a gift from Okawaru
 10819 | Lair:1   | Found a runed translucent gate.
 10820 | Lair:1   | Found a runed translucent gate.
 10821 | Lair:1   | Found a runed translucent gate.
 10830 | Lair:1   | Noticed a minotaur
 10841 | Lair:1   | Noticed night's ghost (journeyman GnEE)
 11072 | Lair:1   | Reached skill level 13 in Fighting
 11072 | Lair:1   | Reached skill level 15 in Axes
 11440 | Lair:2   | Found a staircase to the Snake Pit.
 11713 | Lair:2   | Reached skill level 5 in Evocations
 11713 | Lair:2   | Reached XP level 13. HP: 122/122 MP: 16/18
 12058 | Lair:2   | Noticed a fire dragon
 12072 | Lair:2   | Killed a fire dragon
 12072 | Lair:2   | Reached ****** piety under Okawaru
 12170 | Lair:2   | Found a staircase to the Shoals.
 12176 | Lair:2   | Received a gift from Okawaru
 12380 | Lair:3   | Noticed Amaemon
 12403 | Lair:3   | Killed Amaemon
 12404 | Lair:3   | Reached skill level 14 in Fighting
 12585 | Lair:3   | Found a dark tunnel.
 12684 | Volcano  | Entered a volcano
 12745 | Volcano  | Identified the +2 pair of boots "Itoigoisch" {rElec}
 13569 | Lair:4   | Found a staircase to the Slime Pits.
 13605 | Lair:4   | Identified the +3 hat of Focus {rPois rF+ rC- Str+3}
                  | (Okawaru gifted it to you on level 4 of the Lair of Beasts)
 13605 | Lair:4   | Received a gift from Okawaru
 13897 | Lair:4   | Reached skill level 15 in Fighting
 14088 | Lair:5   | Entered Level 5 of the Lair of Beasts
 14144 | Lair:5   | Found a runed translucent door.
 14153 | Lair:5   | Reached XP level 14. HP: 119/135 MP: 19/19
 14224 | Lair:5   | Noticed sausages's ghost (journeyman DEEE)
 14627 | Lair:5   | Reached skill level 10 in Shields
 14630 | Lair:5   | Identified the +1 pair of boots of Insatiable Hunger {rCorr
                  | Int+2} (Okawaru gifted it to you on level 5 of the Lair of
                  | Beasts)
 14630 | Lair:5   | Received a gift from Okawaru
 14636 | Lair:5   | Reached skill level 16 in Fighting
 15370 | Lair:5   | Reached skill level 10 in Invocations
 15600 | Lair:5   | Killed sausages's ghost
 15839 | D:12     | Noticed Urug
 15853 | D:12     | Killed Urug
 16146 | D:12     | Found a staircase to the Orcish Mines.
 16291 | D:12     | Received a gift from Okawaru
 16603 | D:13     | Reached XP level 15. HP: 131/146 MP: 19/21
 16632 | D:13     | Reached skill level 17 in Fighting
 16970 | D:13     | Received a gift from Okawaru
 17366 | D:13     | Found a gate to the Vaults.
 17622 | D:14     | Noticed Snorg
 17632 | D:14     | Killed Snorg
 17678 | D:14     | Received a gift from Okawaru
 17813 | D:14     | Identified the +4 scale mail "Roquat" {rPois Regen+ Str+2
                  | Stlth-} (Okawaru gifted it to you on level 14 of the
                  | Dungeon)
 17813 | D:14     | Received a gift from Okawaru
 18017 | D:14     | Found a shadowy altar of Dithmenos.
 18017 | D:14     | You fall into a shaft and drop 1 floor!
 18017 | D:15     | Entered Level 15 of the Dungeon
 18144 | D:15     | Found an ancient bone altar of Kikubaaqudgha.
 18252 | D:15     | Found a viscous altar of Jiyva.
 18744 | D:15     | Reached skill level 18 in Fighting
 18780 | D:15     | Found a staircase to the Depths.
 19194 | D:14     | Reached XP level 16. HP: 157/157 MP: 23/23
 19197 | D:14     | Reached skill level 15 in Armour
 19364 | D:14     | Found a shimmering altar of Xom.
 19364 | D:14     | Found a shimmering altar of Xom.
 19366 | D:14     | Found a shimmering altar of Xom.
 19366 | D:14     | Found a shimmering altar of Xom.
 19370 | D:14     | Found a shimmering altar of Xom.
 19759 | Orc:1    | Entered Level 1 of the Orcish Mines
 20119 | Orc:2    | Entered Level 2 of the Orcish Mines
 20119 | Orc:2    | Noticed Jorgrun
 20122 | Orc:2    | Noticed Azrael
 20126 | Orc:2    | Noticed Sonja
 20130 | Orc:2    | Killed Jorgrun
 20157 | Orc:1    | Killed Azrael
 20164 | Orc:2    | Killed Sonja
 20182 | Orc:2    | Identified a scroll of acquirement
 20183 | Orc:2    | Acquired 670 gold pieces
 20192 | Orc:2    | Found Xiynn's Overcharged Wands.
 20260 | Orc:2    | Received a gift from Okawaru
 20275 | Orc:2    | Found a gate leading to a gauntlet.
 20284 | Gauntlet | Entered a Gauntlet
 20284 | Gauntlet | Found a transporter.
 20284 | Gauntlet | Found a transporter.
 20288 | Gauntlet | Found a transporter.
 20288 | Gauntlet | Found a transporter.
 20299 | Gauntlet | Found a transporter.
 20306 | Gauntlet | Found a transporter.
 20312 | Gauntlet | Found a large runed translucent door.
 20313 | Gauntlet | Found a large runed translucent door.
 20314 | Gauntlet | Found a large runed translucent door.
 20314 | Gauntlet | Found a large runed translucent door.
 20315 | Gauntlet | Found a transporter.
 20316 | Gauntlet | Found a runed translucent gate.
 20317 | Gauntlet | Found a transporter.
 20317 | Gauntlet | Found a transporter.
 20317 | Gauntlet | Found a runed translucent gate.
 20321 | Gauntlet | Found a transporter.
 20325 | Gauntlet | Found a runed translucent gate.
 20327 | Gauntlet | Found a large runed translucent door.
 20328 | Gauntlet | Found a large runed translucent door.
 20332 | Gauntlet | Found a large runed translucent door.
 20333 | Gauntlet | Found a large runed translucent door.
 20339 | Gauntlet | Found a large runed translucent door.
 20339 | Gauntlet | Found a large runed translucent door.
 20339 | Gauntlet | Found a runed translucent door.
 20339 | Gauntlet | Found a runed translucent door.
 20340 | Gauntlet | Found a large runed translucent door.
 20341 | Gauntlet | Found a large runed translucent door.
 20343 | Gauntlet | Found a transporter.
 20361 | Gauntlet | Found a transporter.
 20407 | Gauntlet | Found a transporter.
 20429 | Gauntlet | Found a transporter.
 20524 | Gauntlet | Found a transporter.
 20540 | Gauntlet | Found a transporter.
 20556 | Gauntlet | Found a large runed translucent door.
 20556 | Gauntlet | Found a large runed translucent door.
 20557 | Gauntlet | Found a large runed translucent door.
 20558 | Gauntlet | Found a large runed translucent door.
 20692 | Gauntlet | Identified the amulet of Wipam {Will+ Regen+ MP+9 Dex+3}
 21033 | Orc:2    | Found Miugieko's Book Shop.
 21064 | Orc:2    | Found Wiurugee's Book Boutique.
 21068 | Orc:2    | Reached skill level 10 in Dodging
 21114 | Orc:2    | Found Daterghosk's Antique Weapon Emporium.
 21152 | Orc:2    | Found a staircase to the Elven Halls.
 21198 | Orc:2    | Found Teggig Gosm's Weapon Shop.
 21210 | Orc:2    | Bought a crystal war axe for 161 gold pieces
 21210 | Orc:2    | Identified the +8 war axe of Theory {vorpal, Will- Int+5}
                  | (You bought it in a shop on level 2 of the Orcish Mines)
 21537 | Snake:1  | Entered Level 1 of the Snake Pit
 21828 | Snake:3  | Received a gift from Okawaru
 21940 | Snake:3  | Reached skill level 19 in Fighting
 21980 | Snake:3  | HP: 5/160 [nagaraja/splash of poison (15)]
 21981 | Snake:3  | HP: 2/160 [poisoned by a nagaraja (splash of poison)]
 21982 | Snake:3  | Slain by a nagaraja

Illustrated notes

Levels and vault maps discovered:
D:1:      dpeg_arrival_snail, layout_basic, serial_shops, shop,
          minmay_misc_feat_diagonals
D:2:      layout_basic, nicolae_grassy_gnolls, uniq_robin, uniq_natasha,
          uniq_jessica
D:3:      layout_basic, nicolae_kite_square_tiling_tiny,
          nicolae_figureground_pulse, uniq_pargi
D:4:      layout_loops_cross, minmay_temple_entry_from_below_a,
          nicolae_shop_sticking_my_neck_out
D:5:      layout_loops_ring
D:6:      layout_loops_ring, gup_sewer_entry_glass, minmay_microvault,
          uniq_prince_ribbit1
D:7:      layout_rooms, amcnicky_altar_gilded, minmay_manual_monstrance,
          uniq_crazy_yiuf_cottage, uniq_menkaure
D:8:      layout_cave_pools, mainiacjoe_overflow_paths, serial_glass,
          glass_columns_a, glass_columns_c, gammafunk_ghost_hydra_chop
D:9:      layout_gridville, minitemple, serial_shops, shop, enter_bailey_5,
          hangedman_tell_no_tales, uniq_psyche
D:10:     layout_roguey, erik_lair_island, gammafunk_ghost_wrathful_warriors
D:11:     layout_grid_maze, hangedman_fish_farm
D:12:     layout_roguey, uniq_urug
D:13:     layout_loops_cross, ximxim_vaults_locker_room, onia_ninara_cookie
D:14:     layout_small_grid, grunt_dithmenos_smoke, dreamdust_wishing_well,
          xom_redecorated, uniq_snorg
D:15:     grunt_enter_depths_hoard, layout_gridville, kiku_gazebo_pond_becter,
          jiyva_altar_1
Temple:   hellmonk_temple_forest_ring
Lair:1:   layout_cave_pods, maelrawn_ghost_gauntlet_escape, st_stairs_9,
          infiniplex_staircase_pool_2
Lair:2:   dragon1_lemuel, layout_concentric_octagons, minmay_shoals_entry_hut,
          guppyfry_snake_entry_island
Lair:3:   layout_cave_pods, nicolae_volcano_entry_two_sided,
          hibernation_bobbens, uniq_amaemon
Lair:4:   layout_big_grid, minmay_slime_entry_jelly_boxes,
          nicolae_lair_lil_pond, cheibrodos_lair_reptile_den,
          infiniplex_staircase_pool
Lair:5:   due_jungle_book, layout_gridlike, hellmonk_ghost_happy_afterlife,
          chequers_serial_rivers_micro_a, lemuel_fruit_tree
Snake:1:  gammafunk_the_bubble [the_bubble_gammafunk_crates], layout_basic,
          st_stairs_13, grunt_megastairs_1, uniq_rupert
Snake:2:  layout_misc_corridors
Snake:3:  nicolae_snakescales, layout_cave_town, gammafunk_ghost_necromancy,
          uniq_agnes
Orc:1:    layout_caves, serial_shops, nicolae_shop_bloodbath_and_beyond
Orc:2:    st_orc_open, layout_diamond_mine, gauntlet_entry_generic,
          nicolae_shop_overcharged_wands, uniq_sonja, uniq_jorgrun, uniq_azrael

Skill      XL: |  1  2  3  4  5  6  7  8  9 10 11 12 13 14 15 16 |
---------------+-------------------------------------------------+-----
Axes           | 3 4 5 6 8 9 11 12 14 15 16 18 | 18.6
Armour         | 4 5 6 7 8 9 10 11 12 13 14 16 | 16.2
Fighting       | 4 5 6 7 8 10 12 13 15 16 18 19 | 19.0
Dodging        | 1 3 5 6 8 10 | 10.6
Invocations    | 1 3 4 5 7 8 9 10 11 | 11.0
Shields        | 6 7 9 10 12 14 | 14.2
Evocations     | 1 5 6 |  6.0

Action                   |  1- 3 |  4- 6 |  7- 9 | 10-12 | 13-15 | 16-18 || total
-------------------------+-------+-------+-------+-------+-------+-------++-------
Melee: War axe           |    60 |   111 |   189 |   347 |       |       ||   707
       Headbutt          |    10 |    19 |    38 |   110 |   289 |    99 ||   565
       Broad axe         |       |       |       |   176 |  1073 |   397 ||  1646
Invok: Heroism           |       |       |     3 |    12 |    17 |    10 ||    42
       Finesse           |       |       |       |     4 |     7 |     7 ||    18
  Use: Potion            |       |     1 |       |       |       |     3 ||     4
       Scroll            |       |       |    13 |    13 |     6 |     4 ||    36
Armor: Scale mail        |    12 |       |       |       |       |       ||    12
       Plate armour      |    21 |    70 |    90 |   272 |   587 |   102 ||  1142
Dodge: Dodged            |    17 |    39 |    46 |   235 |   504 |   153 ||   994
Block: Buckler           |    12 |    18 |    35 |    19 |       |       ||    84
       Kite shield       |       |       |       |   340 |   962 |   337 ||  1639
